 Dungeon Crawl Stone Soup version 0.30-a0-715-gdb4ae3ece1 (webtiles) character file.

Game seed: 3888629018250765534

818 tilp the Trooper (level 8, -11/68 HPs)
             Began as a Meteoran Fighter on Jan 23, 2023.
             Mangled by an ogre
             ... wielding a +0 giant club
              (25 damage)
             ... on level 5 of the Dungeon.
             The game lasted 00:09:06 (1876 turns).

tilp the Trooper (Meteoran Fighter)                 Turns: 1876, Time: 00:09:07

Health: -11/68     AC:  9    Str: 19    XL:     8   Next: 39%
Magic:  9/9        EV: 11    Int:  9    God:
Gold:   233        SH:  5    Dex: 15    Spells: 7/7 levels left

rFire   + . .      SeeInvis .    a - +0 long sword
rCold   . . .      Faith    .    c - +0 buckler
rNeg    . . .      Spirit   .    b - +0 scale mail
rPois   .          Reflect  .    k - +0 helmet
rElec   .          Harm     .    v - scarf {repulsion}
rCorr   .          Rampage  .    n - +0 pair of gloves
Will    +....                    (no boots)
Stlth   +                        (no amulet)
HPRegen 0.31/turn                j - ring of protection from fire
MPRegen 0.11/turn                (no ring)

@: glowing, repel missiles
A: sense surroundings 1, otherworldly, glowing, explore regen
a: no special abilities


You were on level 5 of the Dungeon.
You visited 1 branch of the dungeon, and saw 6 of its levels.

You collected 233 gold pieces.

Inventory:

Hand Weapons
 a - a +0 long sword (weapon)
Missiles
 m - 3 boomerangs
 t - 6 poisoned darts (quivered)
Armour
 b - a +0 scale mail (worn)
 c - a +0 buckler (worn)
 k - a +0 helmet (worn)
 n - a +0 pair of gloves (worn)
 v - a scarf of repulsion (worn)
Jewellery
 e - an amulet of magic regeneration
 j - a ring of protection from fire (left hand)
Scrolls
 g - a scroll of teleportation
 h - a scroll of vulnerability
 i - 3 scrolls of blinking {unknown}
 o - 2 scrolls of fog
 p - 2 scrolls of magic mapping
 q - a scroll of butterflies
 r - a scroll of enchant armour {unknown}
 u - a scroll of enchant weapon {unknown}
 w - a scroll of silence {unknown}
Potions
 d - a potion of might
 f - a potion of attraction
 l - a potion of curing
 s - a potion of resistance {unknown}


   Skills:
 * Level 5.2 Fighting
 + Level 4.7 Long Blades
 + Level 3.3 Throwing
 + Level 4.7 Armour
 + Level 4.7 Dodging
 + Level 2.6 Stealth
 - Level 4.0 Shields


You had 7 spell levels left.
You didn't know any spells.
Your spell library was empty.

Dungeon Overview and Level Annotations

Branches:
Dungeon (6/15) Zot: 1635
 Temple: D:4-7

Altars:
Wu Jian

Annotations:
D:2 Sigmund
D:6 Dowan, Duvessa


Innate Abilities, Weirdness & Mutations

You passively map a small area around you.
You are easily found by Zot.
You glow in the dark.
You regain HP and MP as you explore.


Message History

You slash the centaur!
The centaur is moderately wounded.
The centaur closely misses you. The centaur kicks you. The centaur hits you.
The centaur barely misses you.
You slash the centaur!
The centaur is heavily wounded.
The centaur barely misses you. You block the centaur's attack.
You hit the centaur but do no damage.
The centaur is heavily wounded.
The centaur misses you.
The centaur kicks you but does no damage.
The centaur hits you but does no damage.
The centaur kicks you but does no damage.
You closely miss the centaur.
The centaur is heavily wounded.
The centaur barely misses you. The centaur closely misses you. x2
You block the centaur's attack.
You slash the centaur!
You kill the centaur!
Things that are here:
a +0 shortbow; a centaur corpse
Found 9 gold pieces.
Found a shortbow.
You now have 228 gold pieces (gained 9).
Found a scroll labelled NIUTEDGH LONO and 5 gold pieces.
Unknown command.
w - a scroll labelled NIUTEDGH LONO You now have 233 gold pieces (gained 5).
An ogre comes into view. It is wielding a +0 giant club.
The ogre shouts!
The ogre hits you with a +0 giant club!!
The ogre hits you with a +0 giant club!!
* * * LOW HITPOINT WARNING * * *
You slash the ogre!
The ogre is moderately wounded.
The ogre hits you with a +0 giant club!!
* * * LOW HITPOINT WARNING * * *
You feel better.
The ogre hits you with a +0 giant club!!
You die...

....(. ##
#....# *
#. #.... ,
# ##.
#...# .##
*##..
##...# ..#
##...#
.....##
...#
##...##
....<.#
###...#
###...# #
.....(#
##....#
#....# #
#.....#
####O@.#*
#....#
##....#
###....###
#....#
##...##
##....###
##..>#
#....#
#...###
#...#
#...##
#...#
#...##
....#
#...#
##...##
...##
#...#
#....##
...#
#...##
##....#
..##
#....##
###...


You could see an ogre.

Vanquished Creatures
  A centaur (D:5)
  An ogre (D:5)
  A phantom (D:5)
  2 scorpions
  3 hounds
  A jelly (D:4)
  An orc priest (D:4)
  3 iguanas
  Natasha (thrice) (D:4)
  2 orc wizards (D:4)
  3 gnolls (D:3)
  A worm (D:4)
  3 dart slugs
  6 orcs
  4 bats
  7 endoplasms
  A giant cockroach (D:1)
  5 goblins
  6 hobgoblins
  9 kobolds
  3 quokkas
  6 ball pythons
  A frilled lizard (D:1)
  4 rats
77 creatures vanquished.

Notes
Turn   | Place    | Note
-------+----------+-------------------------------------------
     0 | D:1      | tilp the Meteoran Fighter began the quest for the Orb.
     0 | D:1      | Reached XP level 1. HP: 19/19 MP: 2/2
    63 | D:1      | Reached XP level 2. HP: 13/26 MP: 3/3
    92 | D:2      | Reached skill level 1 in Dodging
   226 | D:1      | Reached XP level 3. HP: 31/31 MP: 4/4
   261 | D:2      | Found a faded altar of an unknown god.
   429 | D:2      | Reached XP level 4. HP: 34/38 MP: 5/5
   528 | D:3      | Noticed a scorpion
   538 | D:3      | Killed a scorpion
   539 | D:3      | Reached skill level 1 in Stealth
   539 | D:3      | Reached XP level 5. HP: 36/46 MP: 6/6
   702 | D:3      | Reached skill level 4 in Fighting
   751 | D:2      | Noticed Sigmund
   823 | D:4      | Noticed Natasha
   829 | D:4      | Killed Natasha
   830 | D:4      | Reached skill level 1 in Throwing
   830 | D:4      | Reached XP level 6. HP: 51/52 MP: 7/7
   929 | D:4      | Noticed Natasha
   949 | D:4      | Killed Natasha
   956 | D:4      | Noticed Natasha
   970 | D:4      | Killed Natasha
  1027 | D:5      | Entered Level 5 of the Dungeon
  1127 | D:4      | Reached XP level 7. HP: 37/59 MP: 8/8
  1482 | D:6      | Noticed Dowan
  1484 | D:6      | Noticed Duvessa
  1647 | D:5      | Reached XP level 8. HP: 40/67 MP: 9/9
  1743 | D:5      | Found an ornate altar of the Wu Jian Council.
  1784 | D:5      | Reached skill level 5 in Fighting
  1876 | D:5      | Mangled by an ogre

Illustrated notes

Levels and vault maps discovered:
D:1:      dpeg_arrival_tiny_k, layout_loops_corners
D:2:      layout_rooms, hellmonk_ecumenical_altar_leap_of_faith, uniq_sigmund
D:3:      layout_rooms
D:4:      layout_basic, uniq_natasha
D:5:      layout_layer_cave, pdpol_wu_jian_five_deadly_venoms,
          wad_floor_pattern_2
D:6:      layout_loops_ring, uniq_pikel, uniq_duvessa

Skill      XL: |  1  2  3  4  5  6  7  8 |
---------------+-------------------------+-----
Dodging        | 1 2 3 4 |  4.7
Long Blades    | 3 4 |  4.7
Armour         | 4 |  4.7
Stealth        | 1 2 |  2.6
Shields        | 4 |  4.0
Fighting       | 4 5 |  5.2
Throwing       | 1 2 3 |  3.3

Action                     |  1- 3 |  4- 6 |  7- 9 || total
---------------------------+-------+-------+-------++-------
  Melee: Long sword        |    83 |   125 |    87 ||   295
  Throw: Dart              |       |       |     3 ||     3
         Boomerang         |       |       |     2 ||     2
    Use: Scroll            |       |     7 |       ||     7
         Potion            |       |     2 |     1 ||     3
 Armour: Scale mail        |    58 |    49 |    39 ||   146
  Dodge: Dodged            |    43 |    45 |    39 ||   127
  Block: Buckler           |    22 |    33 |    15 ||    70

Table legend: (Time is in decaauts)
 A = Elapsed time spent in this place.
 B = Non-inter-level travel time spent in this place.
 C = Inter-level travel time spent in this place.
 D = Time resting spent in this place.
 E = Time spent auto-exploring this place.
 F = Levels seen in this place.
 G = Mean time per level.
                   A        B        C        D        E       F      G
               +--------+--------+--------+--------+--------+-----+--------+
         Total |   1963 |   1848 |    115 |      0 |      0 |   6 |  327.2 |
       Dungeon |   1963 |   1848 |    115 |      0 |      0 |   6 |  327.2 |
               +--------+--------+--------+--------+--------+-----+--------+

Top non-repeatable levels by time:
     D:4: 597 daAuts
     D:5: 456 daAuts
     D:3: 409 daAuts
     D:2: 224 daAuts
     D:1: 213 daAuts
     D:6: 61 daAuts
